 Dungeon Crawl Stone Soup version 0.32-a0-918-g0f22ef8d61 (webtiles) character file.

Game seed: 2138991369521807943

3957 uglyjohn the Grappler (level 10, -2/69 HPs)
             Began as an Octopode Shapeshifter on Apr 9, 2024.
             Was a Follower of Yredelemnul.
             Killed from afar by a rime drake (25 damage)
             ... with an icy flash freeze
             ... on level 9 of the Dungeon on Apr 10, 2024.
             The game lasted 00:21:19 (7197 turns).

uglyjohn the Grappler (Octopode Shapeshifter)       Turns: 7197, Time: 00:21:20

Health: -2/69      AC:  8    Str: 21    XL:     10   Next: 21%
Magic:  10/10      EV:  9    Int: 12    God:    Yredelemnul [*.....]
Gold:   182        SH:  0    Dex: 14    Spells: 9/9 levels left

rFire   . .          .
                       - Unarmed
rCold   . . .        (shield currently unavailable)
rNeg    . . .        (helmet currently unavailable)
rPois   +            (no amulet)
rElec   .            (no ring)
rCorr   .            (no ring)
SInv    .            (no ring)
Will    .....        (no ring)
Stlth   +            (no ring)
HPRegen 0.31/turn    (no ring)
MPRegen 0.12/turn    (no ring)
                     (no ring)

%: no passive effects
@: snake-form, wreathed by umbra
A: constrict, boosted hp, almost no armour, amphibious, 8 rings, large,
(camouflage 1), (gelatinous body 1), (nimble swimmer 1), (tentacles)
a: Begin Untransformation, Renounce Religion, Light the Black Torch, Recall
Undead Harvest


You were on level 9 of the Dungeon.
You worshipped Yredelemnul.
Yredelemnul was noncommittal.
You were an enormous serpent.
You visited 2 branches of the dungeon, and saw 10 of its levels.

You collected 351 gold pieces.
You spent 169 gold pieces at shops.

Inventory:

Jewellery
 u - a +6 ring of strength
Talismans
 b - a beast talisman
 c - a flux talisman
 x - a serpent talisman (active)
Wands
 t - a wand of digging (4)
 v - a wand of polymorph (7)
Scrolls
 e - 2 scrolls of blinking {unknown}
 f - a scroll of enchant weapon {unknown}
 g - 12 scrolls of identify {unknown}
 k - 2 scrolls of teleportation {unknown}
 p - a scroll of enchant armour {unknown}
 q - 2 scrolls of poison {unknown}
 s - a scroll of amnesia {unknown}
 w - a scroll of summoning {unknown}
Potions
 a - a potion of lignification
 d - 4 potions of curing
 h - a potion of attraction {unknown}
 i - a potion of degeneration {unknown}
 j - a potion of might {unknown}
 l - 3 potions of mutation {unknown}
 m - a potion of enlightenment {unknown}
 n - 2 potions of heal wounds
 o - a potion of haste {unknown}
 r - 3 potions of brilliance {unknown}


   Skills:
 + Level 1.1 Fighting
 + Level 2.1 Dodging
 + Level 10.7 Unarmed Combat
 + Level 9.9 Shapeshifting


You had 9 spell levels left.
You didn't know any spells.
Your spell library contained the following spells:

 Spells                   Type           Power      Damage    Failure   Level
 Dazzling Flash           Conj/Hex       0%         N/A       69%         3
 Mephitic Cloud           Conj/Alch/Air  0%         N/A       69%         3
 Curse of Agony           Necr           0%         N/A       100%        5
 Silence                  Hex/Air        0%         N/A       100%        5


Dungeon Overview and Level Annotations

Branches:
Dungeon (9/15)             Temple (1/1) D:6
   Lair: D:8-11         Orc: D:9-12

Altars:
Ashenzari
Dithmenos
Elyvilon
Fedhas
Gozag
Hepliaklqana
Makhleb
Nemelex Xobeh
Okawaru
Qazlal
Ru
Sif Muna
Trog
Uskayaw
Vehumet
Wu Jian
Xom
Yredelemnul
Zin
The Shining One

Shops:
D:4 !   D:5 *


Innate Abilities, Weirdness & Mutations

You are an enormous serpent.
You have a powerful constriction melee attack.
Your maximum health is increased.
Your armour is entirely melded.
You are incapable of wielding weapons or throwing items.
You cannot wear most types of armour.
You are amphibious.
You can wear up to eight rings at the same time.
((Your skin changes colour to match your surroundings (Stealth+).))
((Your rubbery body absorbs attacks. (AC +1, EV +1)))
((You are camouflaged when in or above water. (Stealth+)))
((You have tentacles for arms and can constrict up to eight enemies at once.))


Message History

Your wolf zombie bites the centaur.
The centaur shoots an arrow.
The arrow hits your yak zombie!
Your yak zombie is destroyed!
The ice beast closely misses you.
Your yak zombie gores the ice beast.
You closely miss the ice beast. Your grab misses the ice beast.
The ice beast is moderately wounded.
Your wolf zombie bites the centaur.
The centaur shoots an arrow.
The arrow misses you. The ice beast hits you. The ice beast freezes you!
The ice beast barely misses you.
Your wolf zombie bites the centaur!
You closely miss the ice beast. You grab the ice beast.
The ice beast is moderately wounded.
You constrict the ice beast.
Your yak zombie gores the ice beast!
Your wolf zombie bites the centaur.
The centaur dies!
Their soul becomes fuel for the torch.
The dead are walking!
You closely miss the ice beast. You constrict the ice beast.
The ice beast hits your yak zombie. The ice beast freezes your yak zombie.
Your yak zombie resists.
The ice beast hits your yak zombie. The ice beast freezes your yak zombie.
Your yak zombie resists.
Your wolf zombie bites the rime drake!
Your yak zombie gores the ice beast but does no damage.
Unknown command.
You catch the helpless ice beast completely off-guard!
You lash the ice beast!
You kill the ice beast!
Their soul becomes fuel for the torch.
The rime drake bites you.
Your wolf zombie bites the rime drake but does no damage.
The ice beast hits you but does no damage.
Unknown command.
You body-slam the ice beast!!
You grab the ice beast.
The ice beast is severely wounded.
You constrict the ice beast. The wolf bites you!
Your wolf zombie closely misses the rime drake.
The rime drake breathes ice at you. The icy flash freeze hits you!!
You die...
Your body rises from the dead as a mindless zombie.

#..Z...# #.######
##Z###### #.......#
######+#### ###.#####
###........<# #.ZZ#...#
#.'.........#
#.###.#.###.#.........#
#...Z.#.'...#.........#
#.###Z#.#####ZkSZ.....+
#.# #..Z# #.#Yh#...!#
#.# ##### ...ZY....~##
#.. #............# ##'
#.....##...... .
....... ...... ....###
...#(. ... ##....


You could see a rime drake (catching breath, ally target), 2 ice beasts, a wolf,
a friendly wolf zombie, a friendly yak zombie and a friendly centaur zombie.

Vanquished Creatures
  A troll (D:8)
  4 yaks (D:9)
  4 water moccasins
  3 ice beasts
  An orc warrior (D:8)
  2 black bears
  An ogre (D:5)
  2 wolves (D:9)
  A centaur (D:9)
  A phantom (D:4)
  A bullfrog (D:7)
  3 scorpions
  3 wights (D:8)
  A howler monkey (D:8)
  A centaur zombie (D:7)
  2 bombardier beetles (D:4)
  8 hounds
  3 orc priests
  2 jellies (D:7)
  Jessica (D:2)
  7 iguanas
  A scorpion zombie (D:3)
  Natasha (thrice) (D:4)
  2 orc wizards
  2 killer bee zombies (D:7)
  An ogre zombie (D:7)
  A hound zombie (D:3)
  A mummy (D:7)
  Robin (D:2)
  9 adders
  An adder skeleton (D:3)
  5 dart slugs
  2 ribbon worms
  18 orcs
  11 ball pythons
  6 bats
  8 endoplasms
  A giant cockroach (D:4)
  16 goblins
  11 hobgoblins
  8 jackals
  9 kobolds
  2 quokkas (D:4)
  A ball python zombie (D:3)
  6 frilled lizards
  A giant cockroach zombie (D:3)
  5 rats
184 creatures vanquished.

Vanquished Creatures (collateral kills)
  A centaur (D:9)
  A bullfrog (D:8)
  An orc priest (D:8)
  4 orcs (D:8)
  A butterfly (D:6)
8 creatures vanquished.

Vanquished Creatures (others)
  2 yak zombies (D:9)
  2 orc zombies (D:8)
4 creatures vanquished.

Grand Total: 196 creatures vanquished

Notes
Turn   | Place    | Note
-------+----------+-------------------------------------------
     0 | D:1      | uglyjohn the Octopode Shapeshifter began the quest for the
                  | Orb.
     0 | D:1      | Reached XP level 1. HP: 13/13 MP: 1/1
   113 | D:1      | Reached XP level 2. HP: 17/18 MP: 2/2
   332 | D:1      | Reached XP level 3. HP: 8/23 MP: 3/3
  1060 | D:2      | Noticed Robin
  1064 | D:2      | Reached skill level 4 in Unarmed Combat
  1065 | D:2      | Reached XP level 4. HP: 24/28 MP: 4/4
  1072 | D:2      | Killed Robin
  1237 | D:2      | Found a faded altar of an unknown god.
  1289 | D:2      | Noticed Jessica
  1295 | D:2      | Killed Jessica
  1296 | D:2      | Reached XP level 5. HP: 20/33 MP: 5/5
  1989 | D:3      | Reached skill level 5 in Unarmed Combat
  2069 | D:3      | Reached XP level 6. HP: 29/38 MP: 6/6
  2432 | D:4      | Noticed Natasha
  2436 | D:4      | Killed Natasha
  2479 | D:4      | Reached skill level 5 in Shapeshifting
  2553 | D:4      | Upgraded the game from 0.32-a0-913-g739538afd8 to
                  | 0.32-a0-918-g0f22ef8d61
  2718 | D:4      | Found Puiv's Distillery.
  2725 | D:4      | Bought a potion of curing for 39 gold pieces
  2751 | D:4      | Reached XP level 7. HP: 32/43 MP: 7/7
  2759 | D:4      | Bought 2 potions of heal wounds for 130 gold pieces
  2815 | D:4      | Noticed Natasha
  2824 | D:4      | Reached skill level 6 in Unarmed Combat
  2824 | D:4      | Killed Natasha
  3279 | D:4      | Noticed Natasha
  3281 | D:4      | Killed Natasha
  3473 | D:5      | Entered Level 5 of the Dungeon
  3646 | D:5      | Found a stormy altar of Qazlal.
  3760 | D:5      | Reached XP level 8. HP: 42/48 MP: 8/8
  3805 | D:5      | Reached skill level 7 in Unarmed Combat
  3853 | D:5      | Found a bloodstained altar of Trog.
  3856 | D:5      | Found a broken altar of Ashenzari.
  4384 | D:5      | Found Jeuted's Gadget Gallery.
  4573 | D:6      | Reached skill level 8 in Unarmed Combat
  4781 | D:6      | Found an opulent altar of Gozag.
  4794 | D:6      | Found a staircase to the Ecumenical Temple.
  4806 | Temple   | Entered the Ecumenical Temple
  4904 | Temple   | Became a worshipper of Yredelemnul the Fallen
  5427 | D:7      | Reached XP level 9. HP: 51/53 MP: 9/9
  5993 | D:8      | Reached skill level 9 in Unarmed Combat
  6367 | D:8      | Noticed a troll
  6374 | D:8      | Killed a troll
  7032 | D:9      | Reached skill level 10 in Unarmed Combat
  7042 | D:9      | Reached XP level 10. HP: 45/58 MP: 10/10
  7188 | D:9      | Reached * piety under Yredelemnul
  7197 | D:9      | Killed from afar by a rime drake

Illustrated notes

Levels and vault maps discovered:
D:1:      sevenhm_arrival_forest_fort_large_4, layout_rooms,
          chequers_serial_rivers_small_b
D:2:      layout_loops_ring, shapermc_ecumenical_altar_mp_highgroup,
          st_stairs_5, feat_on_display, uniq_jessica, uniq_robin
D:3:      layout_basic, serial_undead, serial_undead_e, serial_undead_f,
          serial_undead_c, serial_undead_f
D:4:      wad_pebble_path, layout_basic, serial_shops, shop,
          hangedman_glass_teeth, uniq_natasha
D:5:      layout_loops_ring, nicolae_overflow_hidden_temple,
          nicolae_qazlal_scattered_showers, nicolae_shop_gadgets
D:6:      layout_loops_cross, lemuel_tele_altar, minmay_temple_entry_butterflies
D:7:      layout_basic, minmay_mini_ossuary
D:8:      layout_gridville
D:9:      layout_roguey, hellmonk_lair_entry_icy, orc_0_dummy, uniq_gastronok
Temple:   minmay_temple_bridge_d

Skill      XL: |  1  2  3  4  5  6  7  8  9 |
---------------+----------------------------+-----
Unarmed Combat | 4 5 6 8 10 | 10.7
Shapeshifting  | 4 5 6 7 9 |  9.9
Fighting       | |  1.1
Dodging        | |  2.1

Action                     |  1- 3 |  4- 6 |  7- 9 | 10-12 || total
---------------------------+-------+-------+-------+-------++-------
  Melee: Unarmed           |    63 |   119 |   165 |    24 ||   371
         Tentacles         |    12 |    32 |    31 |       ||    75
         Constrict         |    21 |    41 |    44 |     6 ||   112
         Punch             |     2 |     6 |     5 |       ||    13
         Dagger            |       |    10 |       |       ||    10
 Invoke: Light the Black T |       |       |     2 |       ||     2
    Use: Potion            |       |       |     1 |       ||     1
   Stab: Sleeping          |     2 |     1 |     6 |       ||     9
         Distracted        |       |       |       |     2 ||     2
 Armour: Skin              |    32 |    54 |    85 |    23 ||   194
  Dodge: Dodged            |    33 |    78 |    81 |    13 ||   205
   Form: Serpent           |       |       |     1 |       ||     1

Table legend: (Time is in decaauts)
 A = Elapsed time spent in this place.
 B = Non-inter-level travel time spent in this place.
 C = Inter-level travel time spent in this place.
 D = Time resting spent in this place.
 E = Time spent auto-exploring this place.
 F = Levels seen in this place.
 G = Mean time per level.
                   A        B        C        D        E       F      G
               +--------+--------+--------+--------+--------+-----+--------+
         Total |   7151 |   6735 |    416 |    645 |   4956 |  10 |  715.1 |
       Dungeon |   6981 |   6694 |    287 |    645 |   4942 |   9 |  775.7 |
        Temple |    169 |     40 |    129 |      0 |     14 |   1 |  169.0 |
               +--------+--------+--------+--------+--------+-----+--------+

Top non-repeatable levels by time:
     D:8: 1060 daAuts
     D:4: 1034 daAuts
     D:5: 1011 daAuts
     D:2: 990 daAuts
     D:1: 850 daAuts
     D:6: 756 daAuts
     D:3: 579 daAuts
     D:7: 533 daAuts
  Temple: 169 daAuts
     D:9: 165 daAuts
